 Dungeon Crawl Stone Soup version 0.30-a0-329-g85436e0a43 (webtiles) character file.

Game seed: 10433904185891820973

88 koil the Grave Robber (level 4, -11/24 HPs)
             Began as a Deep Elf Necromancer on Oct 28, 2022.
             Mangled by an ogre
             ... wielding a +0 giant spiked club
              (35 damage)
             ... on level 3 of the Dungeon.
             The game lasted 00:10:29 (2494 turns).

koil the Grave Robber (Deep Elf Necromancer)        Turns: 2494, Time: 00:10:29

Health: -11/24     AC:  2    Str:  5    XL:     4   Next: 30%
Magic:  20/20      EV: 13    Int: 22    God:
Gold:   119        SH:  0    Dex: 15    Spells: 9/10 levels left

rFire   + . .      SeeInvis .    a - +2 short sword (protect)
rCold   + . .      Faith    .    (no shield)
rNeg    + . .      Spirit   .    e - +0 robe
rPois   .          Reflect  .    (no helmet)
rElec   .          Harm     .    x - scarf {rC+ rF+}
rCorr   .          Rampage  .    (no gloves)
Will    .....                    (no boots)
Stlth   ++........               (no amulet)
HPRegen 0.24/turn                f - ring of magical power
MPRegen 0.17/turn                h - ring of positive energy

@: no status effects
A: no striking features
a: no special abilities


You were on level 3 of the Dungeon.
You visited 1 branch of the dungeon, and saw 3 of its levels.

You collected 119 gold pieces.

Inventory:

Hand Weapons
 a - a +2 short sword of protection (weapon)
Armour
 e - a +0 robe (worn)
 m - a +0 cloak
 x - a scarf of resistance (worn)
Magical Staves
 y - a staff of fire
Jewellery
 f - a ring of magical power (left hand)
 h - a ring of positive energy (right hand)
 l - a ring of flight
 q - a ring of protection from cold
Scrolls
 b - a scroll of silence {unknown}
 k - 2 scrolls of identify {unknown}
 o - a scroll of enchant weapon {unknown}
 r - a scroll of immolation {unknown}
 t - 2 scrolls of blinking {unknown}
 v - 2 scrolls of amnesia {unknown}
 w - 2 scrolls of teleportation {unknown}
Potions
 c - a potion of haste {unknown}
 d - a potion of heal wounds {unknown}
 g - a potion of berserk rage {unknown}
 i - 3 potions of degeneration {unknown}
 j - a potion of cancellation {unknown}
 n - 2 potions of flight {unknown}
 p - a potion of brilliance {unknown}
 s - a potion of curing {unknown}
 u - 2 potions of mutation {unknown}
 A - a potion of magic


   Skills:
 + Level 1.3 Short Blades
 + Level 3.3 Dodging
 + Level 3.4 Stealth
 + Level 3.9 Spellcasting
 + Level 5.3 Necromancy


You had 9 spell levels left.
You knew the following spells:

 Your Spells              Type           Power      Damage    Failure   Level
a - Necrotise             Necr           100%       1d9       1%          1

Your spell library contained the following spells:

 Spells                   Type           Power      Damage    Failure   Level
 Vampiric Draining        Necr           27%        2d7       3%          3
 Animate Dead             Necr           27%        N/A       13%         4
 Inner Flame              Hex/Fire       4%         N/A       34%         3
 Ozocubu's Armour         Ice            4%         N/A       34%         3
 Agony                    Necr           27%        N/A       34%         5
 Flame Wave               Conj/Fire      4%         2d5       75%         4
 Sticky Flame             Conj/Fire      4%         2d3       75%         4
 Ozocubu's Refrigeration  Ice            2%         4d7       100%        7


Dungeon Overview and Level Annotations

Branches:
Dungeon (3/15)

Altars:
Uskayaw


Message History

You throw a poisoned dart. The poisoned dart hits the ogre.
The ogre looks even sicker.
Casting: Necrotise (safe; 1% risk of failure)
Confirm with . or Enter, or press ? or * to list all spells.
Aiming: Necrotise (safe; 1% risk of failure)
Press: ? - help, Shift-Dir - straight line, f/p - ogre
Aim: an ogre, wielding a +0 giant spiked club (lightly wounded, very poisoned, chance to affect: 83%)
The ogre writhes in agony.
Casting: Necrotise (safe; 1% risk of failure)
Confirm with . or Enter, or press ? or * to list all spells.
Aiming: Necrotise (safe; 1% risk of failure)
Press: ? - help, Shift-Dir - straight line, f/p - ogre
Aim: an ogre, wielding a +0 giant spiked club (lightly wounded, very poisoned, chance to affect: 83%)
You miscast Necrotise.
You are very lightly contaminated with residual magic.
Nothing appears to happen.
Unknown command.
There is a stone staircase leading up here.
Your magical contamination has completely faded away.
Casting: Necrotise (safe; 1% risk of failure)
Confirm with . or Enter, or press ? or * to list all spells.
Aiming: Necrotise (safe; 1% risk of failure)
Press: ? - help, Shift-Dir - straight line, f/p - ogre
Aim: an ogre, wielding a +0 giant spiked club (heavily wounded, poisoned, chance to affect: 83%)
The ogre writhes in agony.
The ogre looks more healthy.
The ogre attacks as you move away! The ogre closely misses you.
The ogre attacks as you move away! The ogre barely misses you.
There is an open door here.
Casting: Necrotise (safe; 1% risk of failure)
Confirm with . or Enter, or press ? or * to list all spells.
Aiming: Necrotise (safe; 1% risk of failure)
Press: ? - help, Shift-Dir - straight line, f/p - ogre
Aim: an ogre, wielding a +0 giant spiked club (severely wounded, chance to affect: 83%)
The ogre writhes in agony!
The ogre attacks as you move away! The ogre misses you.
You open the door.
The ogre hits you with a +0 giant spiked club!!
Ouch! That really hurt!
You die...

####.### ##...## #.##
##.....## #..##
##.......##
#####...####.........#
...........'.........+
#####...####.........#
#..## ##.......##
##.## ##..O..##
##...## ##.@.##
#.....# ##'## ##...##
#.# ##.## #.#
#####.##### #.#
#....<...># ...
#.###.###.####(...
#.......((....
#####.#####


You could see an ogre.

Vanquished Creatures
  3 adders
  3 dart slugs
  7 bats
  2 endoplasms (D:3)
  A giant cockroach (D:3)
  7 goblins
  2 hobgoblins
  7 jackals
  6 kobolds
  2 quokkas (D:2)
  4 ball pythons
  A frilled lizard (D:1)
  5 rats
50 creatures vanquished.

Vanquished Creatures (collateral kills)
  A dart slug (D:2)
1 creature vanquished.

Grand Total: 51 creatures vanquished

Notes
Turn   | Place    | Note
-------+----------+-------------------------------------------
     0 | D:1      | koil the Deep Elf Necromancer began the quest for the Orb.
     0 | D:1      | Reached XP level 1. HP: 10/10 MP: 6/6
   384 | D:1      | Reached XP level 2. HP: 10/15 MP: 8/8
   569 | D:1      | Reached skill level 5 in Necromancy
  1222 | D:2      | Reached XP level 3. HP: 19/19 MP: 10/10
  1255 | D:2      | Found a faded altar of an unknown god.
  1694 | D:2      | Reached skill level 1 in Short Blades
  1912 | D:3      | Reached XP level 4. HP: 24/24 MP: 11/11
  2261 | D:3      | Noticed a +0 dagger
  2262 | D:3      | Noticed a +0 hand axe
  2263 | D:3      | Found a hide-covered altar of Uskayaw.
  2439 | D:3      | Noticed an ogre
  2494 | D:3      | Mangled by an ogre

Illustrated notes

Levels and vault maps discovered:
D:1:      dpeg_arrival_subterranean_lakeside_camping, layout_loops_ring,
          serial_forest, infiniplex_forest_lined_room_, infiniplex_forest_end_1,
          infiniplex_forest_zigzag_1, infiniplex_forest_lined_room_,
          infiniplex_forest_lined_2, infiniplex_forest_side_room,
          infiniplex_forest_lined_room_2, infiniplex_forest_lined_1
D:2:      layout_basic, hellmonk_ecumenical_altar_arch_garden,
          kennysheep_flooded_box, st_stairs_12
D:3:      layout_loops_corners, dancing_weapons_uskayaw,
          makhleb_altar_promises_db

Skill      XL: |  1  2  3 |
---------------+----------+-----
Necromancy     | 5 |  5.3
Stealth        | 3 |  3.4
Dodging        | 3 |  3.3
Short Blades   | 1 |  1.3
Spellcasting   | |  3.9

Action                   |  1- 3 |  4- 6 || total
-------------------------+-------+-------++-------
Melee: Short sword       |    13 |     7 ||    20
Throw: Dart              |       |     3 ||     3
 Cast: Necrotise         |    54 |    18 ||    72
 Stab: Sleeping          |       |     1 ||     1
Armor: Robe              |     5 |     2 ||     7
Dodge: Dodged            |    13 |     6 ||    19

Table legend: (Time is in decaauts)
 A = Elapsed time spent in this place.
 B = Non-inter-level travel time spent in this place.
 C = Inter-level travel time spent in this place.
 D = Time resting spent in this place.
 E = Time spent auto-exploring this place.
 F = Levels seen in this place.
 G = Mean time per level.
                   A        B        C        D        E       F      G
               +--------+--------+--------+--------+--------+-----+--------+
         Total |   2492 |   2460 |     32 |      0 |   2058 |   3 |  830.7 |
       Dungeon |   2492 |   2460 |     32 |      0 |   2058 |   3 |  830.7 |
               +--------+--------+--------+--------+--------+-----+--------+

Top non-repeatable levels by time:
     D:1: 1064 daAuts
     D:2: 817 daAuts
     D:3: 610 daAuts
